 Dungeon Crawl Stone Soup version 0.26-a0-651-gb41185065b (webtiles) character file.

Game seed: 12874269876773687709

12857 Quinzzz the Cleaver (level 11, -3/99 HPs)
             Began as a Hill Orc Fighter on Oct 30, 2020.
             Slain by a meliai
             ... wielding a +0 war axe
              (7 damage)
             ... on level 13 of the Dungeon.
             The game lasted 01:25:53 (11730 turns).

Quinzzz the Cleaver (Hill Orc Fighter)             Turns: 11730, Time: 01:25:57

Health: -3/99      AC: 18    Str: 23    XL:     11   Next: 99%
Magic:  0/11       EV: 12    Int:  8    God:
Gold:   584        SH:  0    Dex: 10    Spells: 9/10 levels left

rFire    . . .     SeeInvis +   O - +1 lajatang (elec)
rCold    + . .     Faith    .   (shield currently unavailable)
rNeg     + . .     Spirit   +   t - +5 scale mail {rC+}
rPois    .         Reflect  .   (no helmet)
rElec    .         Harm     .   (no cloak)
rCorr    .         Rampage  .   l - +1 pair of gloves
MR       .....                  y - +0 pair of boots
Stlth    ..........             o - amulet of guardian spirit
HPRegen  0.26/turn              v - ring of positive energy
MPRegen  0.12/turn              n - ring of see invisible

@: no status effects
A: hooves 1, rugged brown scales 1
a: no special abilities


You were on level 13 of the Dungeon.
You visited 2 branches of the dungeon, and saw 12 of its levels.

You collected 584 gold pieces.

Inventory:

Hand Weapons
 a - a +2 whip of flaming
 r - a +2 dagger of chaos
 w - a +3 halberd of freezing
 C - a +0 falchion of freezing
 D - a +0 mace of draining
 M - a +3 scimitar
 N - a +2 flail of venom
 O - a +1 lajatang of electrocution (weapon)
Armour
 c - a +0 kite shield
 l - a +1 pair of gloves (worn)
 t - a +5 scale mail of cold resistance (worn)
 y - a +0 pair of boots (worn)
Magical Staves
 J - an uncursed staff of poison
Jewellery
 j - an uncursed ring of ice
 n - a ring of see invisible (right hand)
 o - an amulet of guardian spirit (around neck)
 p - an uncursed ring of protection from fire
 q - the amulet "Wigousox" {Acrobat rElec}
   (You found it on level 6 of the Dungeon)

   [amulet of the acrobat]

   It helps you evade while moving and waiting.
   It insulates you from electricity.
 v - a ring of positive energy (left hand)
 F - an uncursed ring of magical power
 G - an uncursed ring of flight
 H - an uncursed ring of stealth
Wands
 s - a wand of digging (3)
 z - a wand of enslavement (4)
 A - a wand of acid (6)
 P - a wand of disintegration (3)
Scrolls
 e - 5 scrolls of teleportation
 g - 2 scrolls of amnesia
 h - 8 scrolls of identify
 i - 4 scrolls of remove curse
 m - a scroll of fog
 B - a scroll of blinking
 E - a scroll of silence
 I - 2 scrolls of fear
 K - a scroll of noise
 Q - a scroll of holy word
Potions
 b - 2 potions of stabbing {unknown}
 k - 3 potions of degeneration
 u - a potion of cancellation {unknown}
 x - a potion of magic {unknown}
 L - a potion of flight


   Skills:
 + Level 9.6 Fighting
 + Level 0.9(2.2) Short Blades
 + Level 3.5(3.6) Long Blades
   Level 10.5(12.2) Axes
 + Level 5.6(8.9) Maces & Flails
 + Level 6.6(9.5) Polearms
 + Level 4.7(6.7) Staves
 + Level 8.4 Armour
 + Level 4.4 Dodging
 + Level 1.5 Stealth
 + Level 8.4 Shields
 + Level 0.2 Evocations


You had 9 spell levels left.
You knew the following spells:

 Your Spells              Type           Power        Failure   Level
a - Foxfire               Conj/Fire      #...         67%         1

Your spell library contained the following spells:

 Spells                   Type           Power        Failure   Level
 Magic Dart               Conj           #...         67%         1
 Searing Ray              Conj           #.....       82%         2
 Conjure Flame            Conj/Fire      #.......     96%         3
 Dazzling Flash           Conj/Hex       #.....       96%         3
 Inner Flame              Hex/Fire       #.......     96%         3
 Fulminant Prism          Conj/Hex       #.........   100%        4
 Iskenderun's Mystic Bla  Conj/Tloc      #.......     100%        4
 Sticky Flame             Conj/Fire      #.......     100%        4
 Fireball                 Conj/Fire      #.........   100%        5


Dungeon Overview and Level Annotations

Branches:
Dungeon (13/15)            Temple (1/1) D:5
   Lair: D:8-11         Orc: D:9-12      Vaults: D:13-14

Altars:
Cheibriados
Hepliaklqana
Nemelex Xobeh
Qazlal
Sif Muna
Xom
Yredelemnul
Zin

Shops:
D:8 *


Innate Abilities, Weirdness & Mutations

You have large cloven feet.
You are partially covered in rugged brown scales. (AC +1, +3% HP)


Message History

The scroll dissolves into smoke.
* * * LOW HITPOINT WARNING * * *
You feel very sick. The meliai closely misses you.
The meliai completely misses you. The meliai barely misses you.
The meliai misses you. The meliai hits you with a +0 hand axe!
* * * LOW HITPOINT WARNING * * *
The meliai stings you but does no damage.
The meliai closely misses you.
The meliai stings you but does no damage.
The meliai closely misses you.
The meliai stings you but does no damage.
The meliai misses you. The meliai barely misses you.
You feel better. The meliai hits you but does no damage.
The meliai completely misses you.
The meliai invokes the aid of its god against you.
Something smites you!
* * * LOW HITPOINT WARNING * * *
The meliai closely misses you. The meliai stings you!
You die...

###
#####.#############
#........y§§§......
#.......§y@§§......
#......<.y§§§......
#.......§§§§.......
#..######..........
.... #..........
..... #.........#
.?.... #....######
...... #....#
#....#


You could see 3 meliai.

Vanquished Creatures
  A centaur warrior (D:12)
  A two-headed ogre (D:12)
  2 unseen horrors (D:12)
  Pikel (D:7)
  3 ugly things (D:12)
  A manticore (D:13)
  2 cyclopes
  A centaur zombie (D:11)
  Psyche (D:7)
  A troll (D:11)
  Prince Ribbit (D:6)
  3 hippogriffs (D:12)
  2 shadows (D:12)
  A wyvern (D:11)
  Sigmund (D:6)
  A wraith (D:11)
  A vampire (D:11)
  Grum (D:7)
  Menkaure (D:6)
  Duvessa (D:7)
  2 orc warriors (D:8)
  4 sky beasts
  A phantom (D:5)
  A black bear (D:12)
  8 ice beasts
  2 ogres
  2 wolves (D:7)
  A centaur (D:8)
  2 big kobolds
  2 lemures (D:7)
  11 bullfrogs
  Dowan (D:7)
  4 scorpions
  A wyvern skeleton (D:12)
  10 wights
  8 howler monkeys
  A bullfrog zombie (D:12)
  2 hounds
  2 centaur skeletons
  4 jellies
  5 orc priests
  An iguana (D:6)
  Ijyb (D:3)
  7 orc wizards
  4 worker ants
  A hound skeleton (D:11)
  8 gnolls
  A howler monkey skeleton (D:7)
  11 adders
  3 shadow imps
  An ufetubus (D:7)
  An ooze (D:3)
  An adder skeleton (D:7)
  2 adder zombies
  4 worms
  A dart slug (D:1)
  A leopard gecko (D:5)
  27 orcs
  A ball python (D:3)
  7 bats
  3 giant cockroaches
  3 goblins
  3 hobgoblins
  12 jackals
  4 quokkas
  7 frilled lizards
  18 kobolds
  A leopard gecko skeleton (D:6)
  A quokka zombie (D:7)
  6 rats
  A spectral orc (D:3)
243 creatures vanquished.

Vanquished Creatures (others)
  A plant (D:1)
1 creature vanquished.

Grand Total: 244 creatures vanquished

Notes
Turn   | Place    | Note
-------+----------+-------------------------------------------
     0 | D:1      | Quinzzz the Hill Orc Fighter began the quest for the Orb.
     0 | D:1      | Reached XP level 1. HP: 19/19 MP: 1/1
    82 | D:1      | Reached XP level 2. HP: 27/27 MP: 2/2
   531 | D:1      | Reached skill level 3 in Axes
   944 | D:2      | Reached XP level 3. HP: 23/33 MP: 3/3
  1260 | D:3      | Noticed Ijyb
  1300 | D:3      | Killed Ijyb
  1300 | D:3      | Reached skill level 4 in Axes
  1300 | D:3      | Reached XP level 4. HP: 36/41 MP: 4/4
  1405 | D:3      | Noticed an ice beast
  1418 | D:3      | Killed an ice beast
  1418 | D:3      | Reached skill level 5 in Axes
  1418 | D:3      | Reached XP level 5. HP: 36/47 MP: 3/5
  1515 | D:3      | Found a hazy altar of Hepliaklqana.
  1789 | D:3      | Reached skill level 1 in Dodging
  1793 | D:3      | Reached XP level 6. HP: 28/55 MP: 4/6
  2024 | D:3      | Found a basalt altar of Yredelemnul.
  2155 | D:3      | Found a shimmering blue altar of Sif Muna.
  2561 | D:4      | Reached skill level 5 in Fighting
  2935 | D:5      | Entered Level 5 of the Dungeon
  2988 | D:5      | Found a staircase to the Ecumenical Temple.
  3059 | D:5      | Reached skill level 6 in Axes
  3062 | D:5      | Noticed a phantom
  3121 | D:5      | Killed a phantom
  3121 | D:5      | Reached XP level 7. HP: 56/62 MP: 7/7
  3192 | D:5      | Gained mutation: You have large cloven feet. [potion of
                  | mutation]
  3192 | D:5      | Gained mutation: You are partially covered in rugged brown
                  | scales. (AC +1, +3% HP) [potion of mutation]
  3303 | D:5      | Reached skill level 7 in Axes
  3384 | D:5      | Found a snail-covered altar of Cheibriados.
  3600 | Temple   | Entered the Ecumenical Temple
  3989 | D:5      | Reached XP level 8. HP: 61/72 MP: 6/8
  3993 | D:5      | Reached skill level 8 in Axes
  3993 | D:5      | Reached skill level 5 in Shields
  4072 | D:6      | Reached skill level 5 in Armour
  4095 | D:6      | Got a coiled ruby amulet
  4261 | D:6      | Identified the amulet "Wigousox" {Acrobat rElec} (You found
                  | it on level 6 of the Dungeon)
  4283 | D:6      | Noticed Sigmund
  4296 | D:6      | Killed Sigmund
  4372 | D:6      | Reached skill level 9 in Axes
  4620 | D:6      | Learned a level 1 spell: Foxfire
  4671 | D:6      | Reached XP level 9. HP: 68/80 MP: 9/9
  4747 | D:6      | Found a shimmering altar of Xom.
  4752 | D:6      | Noticed Prince Ribbit
  4773 | D:6      | Killed Prince Ribbit
  4773 | D:6      | Reached skill level 10 in Axes
  4773 | D:6      | Reached skill level 1 in Polearms
  4794 | D:6      | Noticed Menkaure
  5285 | D:6      | Killed Menkaure
  5573 | D:7      | Noticed Duvessa
  5573 | D:7      | Noticed Dowan
  5605 | D:7      | Killed Duvessa
  5608 | D:7      | Killed Dowan
  5880 | D:7      | Found a sparkling altar of Nemelex Xobeh.
  5956 | D:7      | Reached skill level 5 in Polearms
  6249 | D:8      | Found Wumnauwk's Mayhem Merchandise.
  6264 | D:8      | Noticed Psyche
  6264 | D:8      | Noticed Grum
  6625 | D:7      | Reached XP level 10. HP: 71/88 MP: 10/10
  6764 | D:7      | Killed Psyche
  6905 | D:7      | Reached skill level 1 in Long Blades
  7137 | D:7      | Killed Grum
  7517 | D:8      | Noticed Pikel
  7640 | D:7      | Killed Pikel
  8055 | D:8      | You fall into a shaft and drop 3 floors!
  8873 | D:11     | Noticed a cyclops
  8888 | D:11     | Killed a cyclops
  8987 | D:11     | Reached XP level 11. HP: 91/97 MP: 8/11
  9185 | D:11     | Noticed a sixfirhy
  9248 | D:11     | Noticed a sun demon
  9305 | D:11     | Noticed a sun demon
  9339 | D:12     | Noticed a cyclops
  9358 | D:12     | Killed a cyclops
  9909 | D:12     | Noticed a brown ugly thing
  9945 | D:12     | Killed a brown ugly thing
  9945 | D:12     | Reached skill level 5 in Maces & Flails
 10220 | D:12     | Reached skill level 1 in Stealth
 10240 | D:12     | Noticed an unseen horror
 10255 | D:12     | Killed an unseen horror
 10317 | D:12     | Noticed a centaur warrior
 10324 | D:12     | Killed a centaur warrior
 10324 | D:12     | Reached skill level 1 in Staves
 10552 | D:12     | Noticed a cyan ugly thing
 10564 | D:12     | Killed a cyan ugly thing
 10705 | D:12     | Noticed a two-headed ogre
 10713 | D:12     | Killed a two-headed ogre
 11144 | D:13     | Noticed an unseen horror
 11156 | D:12     | Killed an unseen horror
 11241 | D:13     | Noticed a cyan ugly thing
 11243 | D:13     | Noticed a manticore
 11262 | D:12     | Killed a cyan ugly thing
 11580 | D:13     | Killed a manticore
 11730 | D:13     | HP: 4/99 [meliai/divine providence (14)]
 11730 | D:13     | Slain by a meliai

Illustrated notes

Levels and vault maps discovered:
D:1:      dpeg_arrival_orchard, layout_basic, minivault_4
D:2:      layout_basic
D:3:      layout_loops_ring, nicolae_overflow_crystal_walls, lemuel_round_altar,
          yredelemnul_forgotten_temple_becter, uniq_ijyb
D:4:      layout_cave_pools
D:5:      layout_gridville, kennysheep_mini_moat, minmay_temple_entry_tees
D:6:      layout_basic, kennysheep_mini, uniq_crazy_yiuf_cottage, uniq_sigmund,
          uniq_prince_ribbit1, uniq_menkaure
D:7:      layout_basic, nemelex_xobeh_ov_fountains_minmay, uniq_duvessa
D:8:      layout_rooms, minmay_shop_mayhem, uniq_psyche, uniq_grum, uniq_pikel
D:11:     layout_layer_cave
D:12:     layout_gridville, minivault_27
D:13:     layout_irregular_city
Temple:   nicolae_temple_elliptical

Skill      XL: |  1  2  3  4  5  6  7  8  9 10 11 |
---------------+----------------------------------+-----
Fighting       | 4 5 6 7 8 9 |  9.6
Axes           | 3 4 5 6 7 9 10 | 10.5
Shields        | 4 5 6 7 8 |  8.4
Dodging        | 1 2 3 4 |  4.4
Armour         | 4 5 6 7 8 |  8.4
Polearms       | 5 6 |  6.6
Long Blades    | 3 |  3.5
Maces & Flails | 3 5 |  5.6
Stealth        | 1 |  1.5
Staves         | 4 |  4.7
Short Blades   | |  0.9
Evocations     | |  0.2

Action                   |  1- 3 |  4- 6 |  7- 9 | 10-12 || total
-------------------------+-------+-------+-------+-------++-------
Melee: War axe           |   155 |   160 |   161 |       ||   476
       Dagger            |       |    90 |       |       ||    90
       Kick              |       |       |    44 |       ||    44
       Halberd           |       |       |   118 |    37 ||   155
       Mace              |       |       |       |   156 ||   156
       Flail             |       |       |       |   136 ||   136
       Scimitar          |       |       |       |    52 ||    52
       Falchion          |       |       |       |    49 ||    49
       Lajatang          |       |       |       |    86 ||    86
Evoke: Wand              |       |       |       |     6 ||     6
  Use: Scroll            |       |     8 |     2 |     6 ||    16
       Potion            |       |     3 |     6 |     3 ||    12
Armor: Scale mail        |    82 |   101 |   189 |   401 ||   773
Dodge: Dodged            |    48 |    58 |   163 |   330 ||   599
Block: Kite shield       |    97 |    76 |   109 |   347 ||   629
       Rpst.: Falchion   |       |       |       |     7 ||     7
       Scimitar          |       |       |       |     4 ||     4

Table legend: (Time is in decaauts)
 A = Elapsed time spent in this place.
 B = Non-inter-level travel time spent in this place.
 C = Inter-level travel time spent in this place.
 D = Time resting spent in this place.
 E = Time spent auto-exploring this place.
 F = Levels seen in this place.
 G = Mean time per level.
                   A        B        C        D        E       F      G
               +--------+--------+--------+--------+--------+-----+--------+
         Total |  11954 |  11924 |     30 |   3631 |   4310 |  12 |  996.2 |
       Dungeon |  11805 |  11775 |     30 |   3534 |   4310 |  11 | 1073.2 |
        Temple |    148 |    148 |      0 |     97 |      0 |   1 |  148.0 |
               +--------+--------+--------+--------+--------+-----+--------+

Top non-repeatable levels by time:
    D:12: 2198 daAuts
     D:7: 2194 daAuts
     D:5: 1331 daAuts
    D:11: 1310 daAuts
     D:3: 1295 daAuts
     D:6: 1173 daAuts
     D:1: 691 daAuts
     D:4: 546 daAuts
     D:2: 484 daAuts
     D:8: 355 daAuts
    D:13: 224 daAuts
  Temple: 148 daAuts
